 Dungeon Crawl Stone Soup version 0.32-a0-656-g3542139ebd (webtiles) character file.

Game seed: 13516887031669960363

49 gimp the Chopper (level 3, 0/31 HPs)
             Began as a Mountain Dwarf Gladiator on Mar 9, 2024.
             Slain by an adder (2 damage)
             ... on level 2 of the Dungeon.
             The game lasted 00:02:30 (1114 turns).

gimp the Chopper (Mountain Dwarf Gladiator)         Turns: 1114, Time: 00:02:30

Health: 0/31       AC:  6    Str: 18    XL:     3   Next: 51%
Magic:  3/3        EV: 11    Int:  8    God:
Gold:   33         SH:  0    Dex: 11    Spells: 2/2 levels left

rFire   . . .        a - +0 war axe
rCold   . . .        (no shield)
rNeg    . . .        f - +0 ring mail
rPois   .            c - +0 helmet
rElec   .            (no cloak)
rCorr   .            (no gloves)
SInv    .            (no boots)
Will    +....        (no amulet)
Stlth   +            (no ring)
HPRegen 0.25/turn    (no ring)
MPRegen 0.08/turn

%: no passive effects
@: enlightened, flying
A: runic magic, artefact enchanting
a: no special abilities


You were on level 2 of the Dungeon.
You visited 1 branch of the dungeon, and saw 3 of its levels.

You collected 33 gold pieces.

Inventory:

Hand Weapons
 a - a +0 war axe (weapon)
Armour
 c - a +0 helmet (worn)
 f - a +0 ring mail (worn)
Scrolls
 b - a scroll of identify {unknown}
 g - a scroll of blinking {unknown}
 i - 2 scrolls of teleportation {unknown}
 j - a scroll of enchant weapon {unknown}
Potions
 h - a potion of enlightenment


   Skills:
 + Level 3.0 Fighting
 * Level 5.0 Axes
 - Level 1.5 Throwing
 - Level 2.1 Dodging


You had 2 spell levels left.
You didn't know any spells.
Your spell library contained the following spells:

 Spells                   Type           Power      Damage    Failure   Level
 Sandblast                Erth           0%         2d4       45%         1
 Passwall                 Erth           0%         N/A       83%         3
 Stone Arrow              Conj/Erth      0%         3d7       83%         3
 Brom's Barrelling Bould  Conj/Erth      0%         2d3       99%         4


Dungeon Overview and Level Annotations

Branches:
Dungeon (3/15)

Altars:


Innate Abilities, Weirdness & Mutations

Your spellcasting is much less encumbered by armour.
You can use scrolls of enchantment on lesser artefacts.


Message History

You throw a throwing net.
The throwing net barely misses the adder.
The throwing net hits the adder.
The adder is caught in the net!
You feel sick. The adder closely misses you.
The adder struggles against the net.
You take 2 damage, and have 14/31 hp.
You miss the adder.
The adder is lightly wounded.
You feel sick. The adder bites you but does no damage.
The adder struggles against the net.
The adder bites you.
* * * LOW HITPOINT WARNING * * *
The adder struggles against the net.
You take 5 damage, and have 9/31 hp.
You slash the adder!
The adder is almost dead.
You feel sick. The adder barely misses you.
The adder struggles against the net.
The net rips apart, and the adder comes free!
The adder bites you.
* * * LOW HITPOINT WARNING * * *
You take 3 damage, and have 6/31 hp.
It was a potion of enlightenment.
You feel very buoyant.
You fly up into the air.
You feel sick. The adder barely misses you.
You aren't carrying any items that you can evoke.
Unknown command.
Okay, then.
Okay, then.
Unknown command.
Okay, then.
Unknown command.
Okay, then.
Throw: 2 throwing nets
Press: ? - help, Q - select action Shift-Dir - straight line, f/p - ribbon worm
Aim: a ribbon worm (74% to hit)
You throw a throwing net. The throwing net hits the adder.
The adder is caught in the net!
The adder is almost dead.
You feel sick.
The adder struggles against the net.
You take 1 damage, and have 5/31 hp.
You feel sick.
The adder struggles against the net.
You take 1 damage, and have 4/31 hp.
You feel sick.
You are no longer poisoned.
The adder struggles against the net. x2
You take 1 damage, and have 3/31 hp.
You see here an adder corpse.
A ribbon worm comes into view.
Throw: throwing net
Press: ? - help, Q - select action Shift-Dir - straight line, f - adder
Aim: an adder (severely wounded, 29% to hit)
Okay, then.
The ribbon worm expels a string of sticky webbing.
The stream of webbing hits you but does no damage.
You are caught in a web!
There is a web here.
The web tears apart.
The adder bites you.
* * * LOW HITPOINT WARNING * * *
You are poisoned.
The adder poisons you!
There is a stone staircase leading up here.
You take 2 damage, and have 5/31 hp.
Unknown command.
Okay, then.
Unknown command.
You feel sick. The adder barely misses you. x3
You fly upwards.
* * * LOW HITPOINT WARNING * * *
You feel sick.
There is a stone staircase leading down here.
You take 2 damage, and have 3/31 hp.
You feel sick.
You are no longer poisoned.
The adder bites you but does no damage.
There is a stone staircase leading up here.
You take 1 damage, and have 2/31 hp.
Unknown command.
Throw: throwing net
Press: ? - help, Q - select action Shift-Dir - straight line, f - adder
Aim: an adder (29% to hit)
You throw a throwing net.
The throwing net closely misses the adder.
The adder barely misses you. The adder misses you.
Okay, then.
Unknown command.
You closely miss the adder. x2; The adder bites you.
* * * LOW HITPOINT WARNING * * *
The adder closely misses you. x2
You take 1 damage, and have 1/31 hp.
You hit the adder.
The adder is heavily wounded.
You miss the adder. The adder barely misses you.
The adder bites you but does no damage. The adder barely misses you.
You slash the adder!
You kill the adder!
You miss the adder. The adder barely misses you. The adder misses you.
Your Axes skill increases to level 5!
The adder bites you.
You die...

############ #..........#
######## #....<@...(# #.......
#.....S....# #.###..# #######
#..........# #......# #.....#
#..........#########..# #.....#
#.................##..#
#.....#############'#######.##..#
#...............# #.# #...#.....#
####............# #.#####.#....##
#............# #.......#.#####


You could see an adder.

Vanquished Creatures
  2 adders
  2 dart slugs
  4 ball pythons
  3 endoplasms (D:1)
  2 giant cockroaches (D:1)
  4 goblins
  4 hobgoblins
  A quokka (D:3)
  2 rats (D:1)
24 creatures vanquished.

Notes
Turn   | Place    | Note
-------+----------+-------------------------------------------
     0 | D:1      | gimp the Mountain Dwarf Gladiator began the quest for the
                  | Orb.
     0 | D:1      | Reached XP level 1. HP: 17/17 MP: 1/1
   123 | D:1      | Reached skill level 4 in Axes
   221 | D:1      | Reached XP level 2. HP: 25/25 MP: 2/2
  1009 | D:3      | Reached XP level 3. HP: 21/30 MP: 3/3
  1111 | D:2      | HP: 1/31 [adder (1)]
  1114 | D:2      | Reached skill level 5 in Axes
  1114 | D:2      | Slain by an adder

Illustrated notes

Levels and vault maps discovered:
D:1:      elethiomel_arrival_quiet, layout_basic
D:2:      minmay_alternating_diamond, layout_basic, minmay_distorted
D:3:      kennysheep_big_flooded_room, layout_loops_ring,
          lightli_sewer_entry_pipes, serial_shops, nicolae_shop_back_alley_shop,
          nicolae_shop_hallway_stairs, shop

Skill      XL: |  1  2  3 |
---------------+----------+-----
Axes           | 4 5 |  5.0
Fighting       | 3 |  3.0
Throwing       | |  1.5
Dodging        | |  2.1

Action                     || total
---------------------------++-------
  Melee: War axe           ||    74
  Throw: Throwing net      ||     3
         Javelin           ||     1
    Use: Potion            ||     1
 Armour: Ring mail         ||    63
  Dodge: Dodged            ||    58

Table legend: (Time is in decaauts)
 A = Elapsed time spent in this place.
 B = Non-inter-level travel time spent in this place.
 C = Inter-level travel time spent in this place.
 D = Time resting spent in this place.
 E = Time spent auto-exploring this place.
 F = Levels seen in this place.
 G = Mean time per level.
                   A        B        C        D        E       F      G
               +--------+--------+--------+--------+--------+-----+--------+
         Total |   1134 |   1099 |     35 |      0 |    813 |   3 |  378.0 |
       Dungeon |   1134 |   1099 |     35 |      0 |    813 |   3 |  378.0 |
               +--------+--------+--------+--------+--------+-----+--------+

Top non-repeatable levels by time:
     D:1: 764 daAuts
     D:2: 246 daAuts
     D:3: 123 daAuts
